[Event "*** Titled Tuesday Blitz"]
[Site "Chess.com"]
[Date "2021.02.09"]
[Round "7"]
[White "Kislov_Oleg"]
[Black "Margency"]
[Result "1/2-1/2"]
[WhiteElo "2497"]
[BlackElo "2646"]
[TimeControl "180+1"]
[EndTime "11:18:27 PST"]
[Termination "Game drawn by repetition"]

1. e4 c5 2. Nf3 d6 3. c3 Nf6 4.
Be2 Bd7 5. Qc2 Qc7 6. d4 cxd4 7.
Nxd4 g6 8. O-O Bg7 9. Be3 O-O 10.
Nd2 Rc8 11. Rac1 Nc6 12. Qb1 d5 13. f3 dxe4 14. Nxe4 Nd5 15. Nxc6 Bxc6 16. Bf2 Bh6 17. Rcd1 Ne3 18. Bxe3 Bxe3+ 19. Kh1 Rd8 20. Rd3 Bh6 21.
Rfd1 Bg7 22. Rxd8+ Rxd8 23. Rxd8+ Qxd8 24. Qd3 Qxd3 25. Bxd3 h6 26. Kg1 Kf8 27. Kf2 e6 28. Nc5 Ke7 29. Be4 Bxe4 30. fxe4 b6 31. Nd3 f5 32. Ke3 Kd6 33. c4 h5 34. h3 Bh6+ 35. Kf3 Bd2 36. b3 e5 37. g4 fxg4+ 38. hxg4 h4 39. Kg2 g5 40. a4 a5 41. Kf3 Bf4 42.
Kg2 Kc6 43. Kh3 Kd6 44. Kg2 Ke6 45. Kh3 Kd6 46. Kg2 1/2-1/2

[Event "*** Titled Tuesday Blitz"]
[Site "Chess.com"]
[Date "2021.02.09"]
[Round "7"]
[White "UCantHandleDenker"]
[Black "Ghost_Pepper"]
[Result "1-0"]
[WhiteElo "2623"]
[BlackElo "2416"]
[TimeControl "180+1"]
[EndTime "11:18:27 PST"]
[Termination "UCantHandleDenker won on time"]

1. Nf3 Nf6 2. d3 g6 3. g3 Bg7 4. Bg2 d5 5. O-O O-O 6. Nbd2 c5 7. e4 Nc6 8. Re1 dxe4 9. dxe4 Nd4 10. c3 Nxf3+ 11.
Qxf3 Bg4 12. Qe3 Qc8 13. e5 Nd7 14. h3 Be6 15. f4 Rd8 16. Ne4 Nb6 17. Nxc5 Bxh3 18.
Bxb7 Qg4 19. Qf3 Rab8 20. Qxg4 Bxg4 21. Ba6 Rd5 22. Be3 f6 23. e6 f5 24. Rac1 g5 25.
fxg5 Be5 26. Nd7 Nxd7 27. exd7 Rxd7 28. Bc4+ Kg7 29. Bb3 Rd3 30. Bf4 Bxf4 31. gxf4 Rg3+ 32. Kh2 Rf3 33. Rxe7+ Kg6 34. Bf7+ Kg7 35. Bh5+ Kf8 36.
Bxg4 Rxb2+ 37. Kh1 fxg4 38. Rxh7 g3 39. Rd1 Ke8 40. Re1+ Kd8 41. Rd1+ Kc8 42. g6 1-0

[Event "*** Titled Tuesday Blitz"]
[Site "Chess.com"]
[Date "2021.02.09"]
[Round "7"]
[White "Marty435"]
[Black "GadimbayliA"]
[Result "1-0"]
[WhiteElo "2607"]
[BlackElo "2829"]
[TimeControl "180+1"]
[EndTime "11:18:29 PST"]
[Termination "Marty435 won by resignation"]

1. c4 e5 2. Nc3 Nf6 3. Nf3 Nc6 4. e3 d5 5. cxd5 Nxd5 6. Bb5 Nxc3 7. bxc3 Bd6 8. d4 exd4 9. cxd4 O-O 10. O-O Bf5 11. Re1 Be4 12. Bd3 Bxd3 13. Qxd3 Qd7 14. e4 Rad8 15. Bb2 Rfe8 16. h3 f6 17. Rad1 Kh8 18.
a3 Qf7 19. Qc2 Qg6 20. Nh4 Qf7 21. Nf5 Bf8 22. d5 Ne5 23. f4 Ng6 24. Qf2 b6 25. Kh1 Bc5 26. Qg3 a5 27. h4 Ne7 28.
Qg4 a4 29. h5 h6 30. Nh4 Rd6 31. Rd3 Red8 32. Rg3 c6 33. e5 fxe5 34. fxe5 Rxd5 35. e6 Qg8 36. Bxg7+ Kh7 37. Qe4+ Nf5 38. Nxf5 1-0

[Event "*** Titled Tuesday Blitz"]
[Site "Chess.com"]
[Date "2021.02.09"]
[Round "7"]
[White "ErikBlomqvist"]
[Black "GregShahade"]
[Result "0-1"]
[WhiteElo "2518"]
[BlackElo "2689"]
[TimeControl "180+1"]
[EndTime "11:18:29 PST"]
[Termination "GregShahade won on time"]

1. e4 e5 2. Bc4 Nf6 3. d3 Nc6 4.
a3 d5 5. exd5 Nxd5 6. Nf3 Be7 7.
O-O O-O 8. Re1 Nb6 9. Ba2 Bg4 10.
h3 Bh5 11. g4 Bg6 12. Nxe5 Nxe5 13. Rxe5 Bd6 14. Re1 Kh8 15. Nc3 f5 16. g5 f4 17.
Ne4 Bxe4 18. Rxe4 Qxg5+ 19. Qg4 Qf6 20. c3 Rae8 21. Be6 Re7 22. Bd2 Na4 23. d4 Nxb2 24. Rae1 c5 25. dxc5 Bc7 26. Bd5 Rxe4 27. Rxe4 Nd3 28.
Re6 Qd8 29. c4 Nxc5 30. Bc3 Nxe6 31. Bxe6 Qe7 32. Bd5 Be5 33. Qe2 Re8 34. Bb4 Qg5+ 35. Kf1 f3 36. Qxf3 Qf4 0-1

[Event "*** Titled Tuesday Blitz"]
[Site "Chess.com"]
[Date "2021.02.09"]
[Round "7"]
[White "Brave_spirit12"]
[Black "KubaGepard"]
[Result "1-0"]
[WhiteElo "2493"]
[BlackElo "2353"]
[TimeControl "180+1"]
[EndTime "11:18:29 PST"]
[Termination "Brave_spirit12 won by resignation"]

1. e4 c5 2. c3 d5 3. exd5 Qxd5 4. Nf3 Nc6 5. Be2 Nf6 6. O-O Bf5 7. d4 cxd4 8. cxd4 Bxb1 9. Rxb1 e6 10. Be3 Bd6 11.
a3 O-O 12. b4 Rfd8 13. b5 Ne7 14. Qa4 Nf5 15. Nd2 Nh4 16. Nf3 Qh5 17. h3 Nd5 18. Rfc1 Bf4 19. Nxh4 Qxe2 20. Bxf4 Nxf4 21. Nf3 Qe4 22.
Qc2 Nxh3+ 23. Kh2 Qxc2 24. Rxc2 Nf4 25. Rc7 b6 26. Rbc1 Nd5 27. Rb7 f6 28. Rc6 Nf4 29. Rcc7 Rd5 30. Rxg7+ Kf8 31. Rxh7 Kg8 32. Rbg7+ Kf8 33.
Rg4 Rh5+ 34. Rxh5 Nxh5 35. Rh4 Kg7 36. Rxh5 a6 37. bxa6 Rxa6 38. Rb5 Rxa3 39. Rxb6 Kf7 40. Rb7+ Kg6 41. Kg3 Kf5 42. Rb5+ Ke4 43. Rb6 e5 44. Rxf6 exd4 45. Rf4+ Kd5 46. Rxd4+ Ke6 47. Rf4 Kd5 48. Kg4 Ke6 49. g3 Kd5 50. Ng5 Ke5 51.
Rf5+ Kd6 52. f4 Ke7 53. Ne4 Re3 54. Nf6 Re6 55. Re5 Kxf6 56. Rxe6+ Kxe6 57. Kg5 1-0

[Event "*** Titled Tuesday Blitz"]
[Site "Chess.com"]
[Date "2021.02.09"]
[Round "7"]
[White "platy3"]
[Black "elextranjero00"]
[Result "1-0"]
[WhiteElo "2850"]
[BlackElo "2593"]
[TimeControl "180+1"]
[EndTime "11:18:30 PST"]
[Termination "platy3 won by checkmate"]

1. c4 Nf6 2. g3 e5 3. Bg2 Nc6 4.
Nc3 Bc5 5. e3 d6 6. Nge2 O-O 7.
O-O a6 8. h3 Ba7 9. d3 Re8 10. a3 Bf5 11. g4 Be6 12. Ng3 Rb8 13. b4 Ne7 14. Bb2 b5 15. cxb5 axb5 16. Rc1 c5 17. g5 Nfd5 18. Nce4 cxb4 19. axb4 Ng6 20. Nh5 Nh4 21. Rc6 Nxg2 22. Rxd6 Ngxe3 23. Qa1 Qc7 24. Rc1 Nc2 25. Rxc2 Qxc2 26. Bxe5 Rbc8 27. Qxa7 Qd1+ 28. Kh2 Qxh5 29. Rxe6 Rxe6 30. Qd7 Rce8 31. Bg3 Rxe4 32. dxe4 Qxg5 33. Qxe8# 1-0

[Event "*** Titled Tuesday Blitz"]
[Site "Chess.com"]
[Date "2021.02.09"]
[Round "7"]
[White "CM_rui"]
[Black "Kaponov"]
[Result "1-0"]
[WhiteElo "2355"]
[BlackElo "2208"]
[TimeControl "180+1"]
[EndTime "11:18:31 PST"]
[Termination "CM_rui won on time"]

1. e4 c5 2. Nf3 Nc6 3. c4 d6 4. d4 Bg4 5. d5 Nd4 6. Be2 Bxf3 7. Bxf3 e5 8. Nc3 Nf6 9. O-O Be7 10. g3 O-O 11. Bg2 Ne8 12. f4 Bf6 13. f5 Bg5 14. a3 Nc7 15. b4 cxb4 16. axb4 a5 17. Rxa5 Rxa5 18. bxa5 Na6 19. Bxg5 Qxg5 20. Nb5 Qe3+ 21.
Kh1 Nxb5 22. cxb5 Nc5 23. Re1 Qc3 24. Qa1 Qxa1 25. Rxa1 Ra8 26. Ra3 Kf8 27. Kg1 Ke7 28. Kf2 f6 29. Ke3 Kd7 30. Bf1 Ke7 31. Bc4 Kd7 32. g4 Rc8 33. a6 bxa6 34. bxa6 Nxe4 35. Bb5+ Kc7 36. Kxe4 Kb6 37. Bd3 Rc1 38. a7 1-0

[Event "*** Titled Tuesday Blitz"]
[Site "Chess.com"]
[Date "2021.02.09"]
[Round "7"]
[White "oneshot007"]
[Black "Dedic8"]
[Result "1/2-1/2"]
[WhiteElo "2567"]
[BlackElo "2826"]
[TimeControl "180+1"]
[EndTime "11:18:32 PST"]
[Termination "Game drawn - insufficient material"]

1. e4 c6 2. d4 d5 3. e5 Bf5 4. h4 h6 5. g4 Bd7 6. h5 e6 7. f4 c5 8. c3 Nc6 9. Nf3 Qb6 10. a3 a5 11. Rh2 Rc8 12. Be3 cxd4 13. Nxd4 Nxd4 14. Bxd4 Bc5 15. Bxc5 Qxc5 16. Qe2 Ne7 17. Nd2 b5 18. Nf3 b4 19. axb4 axb4 20. Qf2 bxc3 21. Qxc5 Rxc5 22. bxc3 Rxc3 23. Ra8+ Nc8 24.
Nd4 O-O 25. Kd2 Rc7 26. Bd3 f6 27. exf6 gxf6 28. Re2 Re8 29. Bg6 Rf8 30. Nxe6 Bxe6 31. Rxe6 Ne7 32. Rxf8+ Kxf8 33. Rxf6+ Kg8 34. Rf7 Ra7 35.
Kd3 Nc6 36. Rxa7 Nxa7 37. Kd4 Kg7 38. Kxd5 Kf6 39. Bf5 Nb5 40. Bb1 Nc3+ 41. Kd4 Nxb1 42. g5+ hxg5 43. fxg5+ Kxg5 44. h6 Kxh6 1/2-1/2

[Event "*** Titled Tuesday Blitz"]
[Site "Chess.com"]
[Date "2021.02.09"]
[Round "7"]
[White "MITerryble"]
[Black "vugarrasulov"]
[Result "0-1"]
[WhiteElo "2930"]
[BlackElo "2768"]
[TimeControl "180+1"]
[EndTime "11:18:32 PST"]
[Termination "vugarrasulov won on time"]

1. e4 e5 2. Nf3 Nc6 3. c3 d5 4.
Qa4 f6 5. d3 Be6 6. Nbd2 Ne7 7.
Be2 Ng6 8. g3 Qd7 9. h4 Bd6 10.
h5 Nge7 11. b4 O-O 12. Qc2 d4 13. a3 dxc3 14. Qxc3 a5 15. b5 Nd4 16. Nxd4 exd4 17. Qb2 a4 18. Rb1 Ra5 19. O-O Bc5 20. Nc4 Bxc4 21.
dxc4 Nc8 22. Qd2 b6 23. Qd3 Nd6 24. Bd2 Raa8 25. Bb4 Nb7 26. Rfe1 Rae8 27. Bf3 Re5 28. h6 g5 29. Bg2 g4 30. Bd2 Nd6 31. Bf4 Qe6 32. Rbc1 Nb7 33. f3 Na5 34. Bxe5 fxe5 35.
Rf1 Qxh6 36. fxg4 Qe3+ 37. Qxe3 dxe3 38. Rxf8+ Kxf8 39. Kf1 Nb3 40. Rc2 Ke7 41. Rc3 Bd4 42. Rd3 Kd6 43. Bf3 Kc5 44. Be2 Nd2+ 45. Kg2 Nxe4 46.
Kf3 Nc3 0-1

[Event "*** Titled Tuesday Blitz"]
[Site "Chess.com"]
[Date "2021.02.09"]
[Round "7"]
[White "hypert"]
[Black "Kobalia"]
[Result "0-1"]
[WhiteElo "2514"]
[BlackElo "2690"]
[TimeControl "180+1"]
[EndTime "11:18:33 PST"]
[Termination "Kobalia won by resignation"]

1. e4 c6 2. Nc3 d5 3. Nf3 Bg4 4. h3 Bxf3 5. Qxf3 e6 6. d4 Nf6 7.
e5 Nfd7 8. Bf4 c5 9. dxc5 Bxc5 10. Bd3 Nc6 11. Qg3 g6 12. O-O-O Bd4 13. Nb5 Bxe5 14.
Nd6+ Bxd6 15. Bxd6 Qf6 16. h4 e5 17. Ba3 O-O-O 18.
h5 Rhe8 19. hxg6 hxg6 20. Bb5 a6 21. Be2 Nb6 22. Bc5 Nc4 23. Qc3 Kb8 24. Kb1 Nd6 25.
Bb6 Ne4 26. Qb3 Nd4 27. Bxd4 exd4 28. Rhf1 Nc5 29. Qf3 Qe5 30. Bd3 f5 31. g3 Ne4 32.
a3 Re6 33. Rh1 Rb6 34. Ka1 Qc7 35. g4 fxg4 36. Qg2 Nc3 37. Qxg4 Nxd1 38. Rxd1 Qe5 39. f4 Qf6 40. Rg1 Rf8 41. Bxg6 d3 42. c3 d2 43. Qd1 Qxf4 44. Bc2 Re8 45. Bd3 Rbe6 46. Ka2 Re1 47. Rf1 Qxf1 0-1

[Event "*** Titled Tuesday Blitz"]
[Site "Chess.com"]
[Date "2021.02.09"]
[Round "7"]
[White "The_Machine04"]
[Black "Darius321"]
[Result "1-0"]
[WhiteElo "2463"]
[BlackElo "2274"]
[TimeControl "180+1"]
[EndTime "11:18:33 PST"]
[Termination "The_Machine04 won by checkmate"]

1. d4 d5 2. Bf4 e6 3. e3 c5 4. c3 Bd6 5. Bg3 Nf6 6. Nd2 Nc6 7. Ngf3 h6 8. Bd3 O-O 9. Ne5 Qc7 10. f4 b6 11. Qf3 Bb7 12. Bh4 Ne4 13. Nxe4 dxe4 14. Bxe4 Bxe5 15. fxe5 cxd4 16. cxd4 Nb4 17. Bxb7 Nc2+ 18.
Kd2 Nxa1 19. Rxa1 Rab8 20. Be4 Rbc8 21. Bd3 b5 22. Qe4 g6 23. Bf6 Kh7 24. h4 Qa5+ 25. Ke2 Qb4 26. Rb1 h5 27. Qf3 Kh6 28. Bg5+ Kg7 29. Qf6+ Kh7 30. Qf3 a5 31. Qxh5+ Kg8 32. Qh6 f5 33. exf6 Kf7 34. Qxg6# 1-0

[Event "*** Titled Tuesday Blitz"]
[Site "Chess.com"]
[Date "2021.02.09"]
[Round "7"]
[White "mishanick"]
[Black "Rozum_Ivan"]
[Result "1-0"]
[WhiteElo "2931"]
[BlackElo "2736"]
[TimeControl "180+1"]
[EndTime "11:18:35 PST"]
[Termination "mishanick won by resignation"]

1. c4 g6 2. Nc3 Bg7 3. d4 d6 4. e4 Nc6 5. Be3 e5 6. d5 Nd4 7.
Nge2 Nxe2 8. Bxe2 f5 9. exf5 gxf5 10. Bh5+ Kf8 11. Qc2 Bh6 12. Bxh6+ Nxh6 13. Qd2 Kg7 14.
O-O-O Qh4 15. Be2 Bd7 16. g3 Qf6 17. f4 Nf7 18. Rhf1 h5 19. Rde1 Rae8 20. Bd3 Re7 21. fxe5 Rxe5 22. Re3 Qh6 23. Ref3 Rhe8 24. Qxh6+ Nxh6 25. Kd2 c6 26. Rf4 Ng4 27. dxc6 bxc6 28. h3 Ne3 29. R1f2 c5 30. Rh4 Kg6 31. Be2 Rh8 32. b3 Bc6 33. g4 Kg5 34. Rxh5+ Rxh5 35. gxh5 f4 36. h4+ Kf5 37. h6 Re8 38. h7 Ng4 39.
Bd3+ Ke5 40. Re2+ Ne3 41. Nd1 Kd4 42. Nxe3 fxe3+ 43. Rxe3 Rxe3 44. h8=Q+ Re5 45. Qf6 1-0

[Event "*** Titled Tuesday Blitz"]
[Site "Chess.com"]
[Date "2021.02.09"]
[Round "7"]
[White "DinaBelenkaya"]
[Black "Ze-Pequeno"]
[Result "0-1"]
[WhiteElo "2342"]
[BlackElo "2242"]
[TimeControl "180+1"]
[EndTime "11:18:35 PST"]
[Termination "Ze-Pequeno won by resignation"]

1. e4 c5 2. Nc3 a6 3. g3 b5 4. Bg2 Bb7 5. Nge2 d6 6. d4 cxd4 7. Nxd4 g6 8. O-O Bg7 9. Bg5 Nd7 10. Nd5 h6 11. Be3 Rb8 12. Re1 Ngf6 13. Qd2 Ng4 14. Bf4 e5 15. Nb4 exd4 16. Bxd6 Rc8 17. Nd5 Nde5 18.
Bb4 Nc4 19. Qf4 h5 20. h3 Nge5 21. Rad1 a5 22. Rxd4 axb4 23. Red1 O-O 24. b3 Nb6 25.
Nxb4 Qf6 26. Qe3 Qe7 27. f4 Ned7 28. Rd6 Rfd8 29. R1d3 Bf8 30. a3 Na8 31. e5 Nc5 32. R3d4 Bxg2 33. Kxg2 Rxd6 34. Rxd6 Nb7 35. Rd3 Qc7 36.
Qe4 Nc5 37. Rc3 Nxe4 38. Rxc7 Rxc7 39. Nd5 Rc6 40. Kf3 Nc3 41. Ke3 Nxd5+ 42. Kd4 0-1

[Event "*** Titled Tuesday Blitz"]
[Site "Chess.com"]
[Date "2021.02.09"]
[Round "7"]
[White "DanielDardha2005"]
[Black "AttilaTurzo"]
[Result "1-0"]
[WhiteElo "2709"]
[BlackElo "2528"]
[TimeControl "180+1"]
[EndTime "11:18:36 PST"]
[Termination "DanielDardha2005 won by resignation"]

1. d4 d5 2. c4 c6 3. Nf3 Nf6 4. Nc3 a6 5. e3 Bf5 6. b3 e6 7. Bb2 Nbd7 8. Bd3 Bg6 9. O-O Bd6 10. Qc2 b5 11. cxd5 cxd5 12. a4 b4 13. Ne2 Rc8 14. Qb1 O-O 15. Bxg6 hxg6 16. a5 Qc7 17. Qd3 Qc2 18.
Qxa6 Rc6 19. Qb5 Rb8 20. Qa4 Ra6 21. Ne5 Nf8 22. Rfe1 Qxb2 23. Ra2 Qxa2 24. Qxa2 Rba8 25. Ra1 Bc7 26. Qd2 Rxa5 27. Rxa5 Rxa5 28. f3 Bd6 29.
g4 Ra1+ 30. Kg2 Ra3 31. Nc1 N6d7 32. Ned3 e5 33. dxe5 Nxe5 34. Nxe5 Bxe5 35. Qxb4 Ra1 36. Qc5 Bb2 37. Nd3 Bf6 38. Qxd5 Ra2+ 39. Kg3 Ne6 40. b4 Ng5 41. Qxa2 1-0

[Event "*** Titled Tuesday Blitz"]
[Site "Chess.com"]
[Date "2021.02.09"]
[Round "7"]
[White "Euwe1234"]
[Black "KaterinaMiroshnik"]
[Result "0-1"]
[WhiteElo "2466"]
[BlackElo "2619"]
[TimeControl "180+1"]
[EndTime "11:18:38 PST"]
[Termination "KaterinaMiroshnik won by resignation"]

1. d4 e6 2. c4 Nf6 3. Nf3 d5 4. Nc3 Bb4 5. cxd5 exd5 6. Bg5 O-O 7. e3 Be7 8. Bd3 b6 9. O-O Nbd7 10. Qc2 c5 11.
Ne5 h6 12. Bf4 Bb7 13. Rad1 c4 14. Bf5 a6 15. Nxd7 Nxd7 16. e4 b5 17. Nxd5 Bxd5 18.
exd5 Nf6 19. Rfe1 Bd6 20. Be5 Rb8 21. Be4 Nxe4 22. Qxe4 Qd7 23. Qf4 Rbd8 24. h3 f6 25.
Bxd6 Qxd6 26. Qxd6 Rxd6 27. Re6 Rfd8 28. Rde1 a5 29. Rxd6 Rxd6 30. Re8+ Kf7 31. Ra8 a4 32.
Ra7+ Kg6 33. Rb7 Rxd5 34. Kf1 Rxd4 35. Rxb5 Rd1+ 36. Ke2 Ra1 37. a3 c3 38. bxc3 Ra2+ 39.
Kd3 Rxf2 40. Rb4 Rxg2 41. Rxa4 Rg3+ 42. Kd2 Rxh3 43. Rg4+ Kf7 44. a4 h5 45. Rb4 Rh1 46.
a5 Ra1 47. Rb5 g5 48. Ke3 h4 49. Kf3 Kg6 50. c4 h3 51. Kg3 Ra3+ 52. Kh2 g4 53.
Rb2 Kg5 54. c5 Kh4 55. Kg1 Ra1+ 56. Kf2 h2 57. Rb8 g3+ 58. Kf3 0-1

[Event "*** Titled Tuesday Blitz"]
[Site "Chess.com"]
[Date "2021.02.09"]
[Round "7"]
[White "GameOverBro"]
[Black "publicaccountcze"]
[Result "1-0"]
[WhiteElo "2416"]
[BlackElo "2252"]
[TimeControl "180+1"]
[EndTime "11:18:38 PST"]
[Termination "GameOverBro won on time"]

1. e4 c5 2. Ne2 d6 3. g3 Nc6 4.
Bg2 e6 5. O-O g6 6. c3 Bg7 7. d4 cxd4 8. cxd4 e5 9. d5 Nce7 10.
Nbc3 f5 11. Be3 Nf6 12. f3 O-O 13.
h3 h6 14. Qd2 Kh7 15. a4 g5 16.
g4 f4 17. Bf2 h5 18. a5 Kg6 19.
Nb5 a6 20. Bb6 Qd7 21. Nc7 Rb8 22. b4 hxg4 23. hxg4 Rh8 24. Qd3 Ne8 25. Rac1 Nf6 26. Ba7 Nxg4 27. fxg4 Qxg4 28. Bxb8 Qh4 29. Rf2 g4 30.
Ne6 Bxe6 31. dxe6 g3 32. Rf3 Kg5 33. Bxd6 Ng6 34. Rc7 Bf6 35. Nxg3 Qh2+ 36. Kf1 Nh4 37. Qd2 Nxf3 38. Qf2 fxg3 39. Qxf3 Qh5 40. Qxg3+ Qg4 41.
Bxe5 Qxg3 42. Bxg3 Rd8 43. e5 Rd1+ 44. Ke2 1-0

[Event "*** Titled Tuesday Blitz"]
[Site "Chess.com"]
[Date "2021.02.09"]
[Round "7"]
[White "GMBenjaminBok"]
[Black "LilRag"]
[Result "1-0"]
[WhiteElo "2997"]
[BlackElo "2607"]
[TimeControl "180+1"]
[EndTime "11:18:39 PST"]
[Termination "GMBenjaminBok won by resignation"]

1. d4 Nf6 2. c4 e6 3. Nc3 d5 4. cxd5 exd5 5. Bg5 Be7 6. e3 c6 7. Bd3 Nbd7 8. Nf3 O-O 9. Qc2 h6 10. Bh4 Re8 11. O-O Ne4 12. Bxe7 Qxe7 13. Bxe4 dxe4 14. Nd2 Nf6 15. Rab1 Be6 16. Ndxe4 Bf5 17. Nxf6+ Qxf6 18. e4 Bg6 19. Rbd1 Rad8 20. Qd3 b5 21. f3 a5 22. Qe3 Qe7 23. Rd2 Qb4 24. Rfd1 Re7 25. d5 c5 26. d6 Red7 27. e5 Qc4 28. b3 Qe6 29. Nxb5 c4 30. Nc7 Qf5 31. bxc4 h5 32. c5 Rc8 33. c6 Rdd8 34. Nd5 Kh7 35. Ne7 Qe6 36. Nxc8 Rxc8 37. d7 Rxc6 38. d8=Q Rc4 39. Qd6 Qe8 40. Qd5 Qa4 41. e6 fxe6 42. Qexe6 Rh4 43.
Qxg6+ Kxg6 44. Rd4 1-0

[Event "*** Titled Tuesday Blitz"]
[Site "Chess.com"]
[Date "2021.02.09"]
[Round "7"]
[White "HackingKid98"]
[Black "Colombiano07"]
[Result "1-0"]
[WhiteElo "2481"]
[BlackElo "2321"]
[TimeControl "180+1"]
[EndTime "11:18:39 PST"]
[Termination "HackingKid98 won by resignation"]

1. d4 d5 2. c4 c6 3. Nf3 Nf6 4. g3 Bf5 5. Nc3 e6 6. Nh4 Bg4 7. Qb3 Qb6 8. h3 Bh5 9. g4 Bg6 10. Nxg6 hxg6 11. Bg2 Nbd7 12. O-O Be7 13. c5 Qxb3 14.
axb3 a6 15. b4 Rc8 16. Bf4 Bd8 17. g5 Nh5 18. e3 f6 19. gxf6 gxf6 20. Bd6 Bc7 21.
e4 Bxd6 22. cxd6 Nf4 23. exd5 cxd5 24. Rfe1 Kf7 25. b5 Ra8 26. bxa6 bxa6 27. Bf1 Nxh3+ 28. Bxh3 Rxh3 29. Nb5 Rb3 30. Nc7 Rh8 31. Rxe6 Rxb2 32. Re7+ Kg8 33. Rxd7 Rh5 34. Rxa6 Rg5+ 35. Kf1 Rb1+ 36.
Ke2 Rb2+ 37. Kd3 Rb8 38. Ra8 Rxa8 39. Nxa8 Rf5 40. Ke3 Kf8 41. Nc7 Rh5 42. Ne6+ Kg8 43. Rg7+ Kh8 44. d7 Rh3+ 45. f3 1-0

[Event "*** Titled Tuesday Blitz"]
[Site "Chess.com"]
[Date "2021.02.09"]
[Round "7"]
[White "VMikhalevski"]
[Black "zeitnot2006"]
[Result "1-0"]
[WhiteElo "2702"]
[BlackElo "2525"]
[TimeControl "180+1"]
[EndTime "11:18:40 PST"]
[Termination "VMikhalevski won on time"]

1. Nf3 Nf6 2. g3 g6 3. Bg2 Bg7 4. b3 O-O 5. Bb2 c5 6. c4 d5 7.
cxd5 Qxd5 8. O-O Qd6 9. Na3 Nc6 10. Nc4 Qd8 11. Rc1 Be6 12. Nfe5 Nxe5 13. Nxe5 Qb6 14. Nc4 Qc7 15. Be5 Qd7 16. Qc2 Rac8 17. Qb2 b6 18. Rfd1 Rfd8 19. d3 Bd5 20. e4 Bxc4 21. Rxc4 Ne8 22. a3 Bxe5 23. Qxe5 Nd6 24. Rcc1 Nb5 25. h4 Nd4 26. Kh2 Nxb3 27. Rb1 Nd4 28. h5 Qd6 29. Qg5 Qf6 30. Qe3 e5 31. a4 Qd6 32. h6 f5 33. f4 exf4 34. gxf4 fxe4 35. dxe4 Re8 36. Rf1 Qf8 37. e5 Qxh6+ 38. Kg1 Qf8 39. Bd5+ Kh8 40. Rb2 Rcd8 41. Be4 Nf5 42. Qh3 Rd4 43.
Rh2 Re7 44. Bc2 Qf7 45. Rff2 Qc4 46. Bxf5 gxf5 47. Rhg2 1-0

[Event "*** Titled Tuesday Blitz"]
[Site "Chess.com"]
[Date "2021.02.09"]
[Round "7"]
[White "BairaKovanova"]
[Black "kubal123"]
[Result "1-0"]
[WhiteElo "2481"]
[BlackElo "2198"]
[TimeControl "180+1"]
[EndTime "11:18:40 PST"]
[Termination "BairaKovanova won by resignation"]

1. e4 e5 2. Nf3 Nc6 3. Bb5 a6 4. Ba4 Nf6 5. O-O Be7 6. d3 b5 7. Bb3 O-O 8. c3 d6 9. h3 Bb7 10. Nbd2 Re8 11. Re1 Bf8 12. Nf1 Na5 13. Bc2 c5 14.
Ng3 d5 15. Qe2 d4 16. Nf5 Qd7 17. Bg5 Qe6 18. Nh2 h6 19. Bd2 Nc6 20. Bb3 Qd7 21. Qf3 dxc3 22. bxc3 c4 23. Bc2 cxd3 24. Bb3 Na5 25.
Nxh6+ gxh6 26. Qxf6 Nxb3 27. axb3 Qe6 28. Qf3 Qxb3 29.
Ng4 Bg7 30. Bxh6 Qe6 31. Bxg7 Kxg7 32. Qxd3 Rad8 33. Qf3 Qg6 34. Ne3 Bxe4 35. Qe2 f5 36. f3 Bd3 37. Qf2 e4 38. fxe4 Bxe4 39. Rf1 Rf8 40.
Qf4 Rd2 41. Nxf5+ Rxf5 42. Qxd2 Rg5 43. Rf2 Rg3 44. Re1 a5 45. Rfe2 Bc6 46. Qd4+ Kh7 47. Re7+ Kg8 48. Qd8+ 1-0

[Event "*** Titled Tuesday Blitz"]
[Site "Chess.com"]
[Date "2021.02.09"]
[Round "7"]
[White "queen_iryna"]
[Black "enriquebutti"]
[Result "1-0"]
[WhiteElo "2341"]
[BlackElo "2177"]
[TimeControl "180+1"]
[EndTime "11:18:41 PST"]
[Termination "queen_iryna won on time"]

1. e4 c5 2. Nf3 d6 3. Bb5+ Bd7 4. Bxd7+ Qxd7 5. c4 Nc6 6. Nc3 Nf6 7. d4 cxd4 8.
Nxd4 e6 9. Be3 Be7 10. O-O O-O 11.
f3 Rac8 12. b3 a6 13. Rc1 Nxd4 14. Bxd4 b5 15. cxb5 axb5 16. Qd3 b4 17. Na4 Rxc1 18. Rxc1 Qb7 19. Bxf6 gxf6 20. Kh1 Rc8 21. Rc4 Rc6 22. Qc2 Rxc4 23. Qxc4 Kg7 24. g3 d5 25. exd5 exd5 26. Qd3 Qc6 27. Kg2 Qc1 28. Qxd5 Qc2+ 29. Kh3 Qxa2 30. Nb6 Qf2 31. Nc8 Bc5 32. Qf5 Qd4 33.
f4 Qd6 34. Qg4+ Kf8 35. Kg2 Qd5+ 36. Kf1 Qxb3 37. Qd7 1-0

[Event "*** Titled Tuesday Blitz"]
[Site "Chess.com"]
[Date "2021.02.09"]
[Round "7"]
[White "FMOlexandrProhorov"]
[Black "AniJak"]
[Result "1/2-1/2"]
[WhiteElo "2146"]
[BlackElo "2317"]
[TimeControl "180+1"]
[EndTime "11:18:41 PST"]
[Termination "Game drawn by repetition"]

1. Nf3 d5 2. d4 Nf6 3. c4 c6 4. Nc3 e6 5. e3 Nbd7 6. Qc2 Bd6 7. g4 h6 8. Bd2 Qe7 9. Rg1 dxc4 10. Bxc4 e5 11.
g5 hxg5 12. Nxg5 Rf8 13. O-O-O Nb6 14. Bb3 Bg4 15. Rde1 O-O-O 16. a4 Bh5 17. a5 Bg6 18.
e4 Na8 19. f3 Nc7 20. d5 cxd5 21. Nxd5 Nxd5 22. Bxd5 Kb8 23. Bb3 Rc8 24. Kb1 Nb5 25. Qd3 Nd4 26. Bd5 Bb4 27. Rc1 Bxd2 28. Qxd2 f6 29.
Ne6 Nxe6 30. Rxg6 Nd4 31. Qe3 Rxc1+ 32. Qxc1 Rc8 33. Qe3 Qc7 34. Rg2 Qxa5 35. h4 Qb5 36. Rxg7 Qf1+ 37. Ka2 Qa6+ 38. Kb1 Nc6 39. Qb3 Qf1+ 40.
Ka2 Qa6+ 41. Kb1 Qf1+ 42. Ka2 Qa6+ 43. Kb1 1/2-1/2

[Event "*** Titled Tuesday Blitz"]
[Site "Chess.com"]
[Date "2021.02.09"]
[Round "7"]
[White "Rodalquilar"]
[Black "TomasKapitanchuk"]
[Result "1-0"]
[WhiteElo "2682"]
[BlackElo "2510"]
[TimeControl "180+1"]
[EndTime "11:18:42 PST"]
[Termination "Rodalquilar won by resignation"]

1. d4 Nf6 2. Bf4 e6 3. e3 c5 4. c3 b6 5. Nd2 Bb7 6. Ngf3 Be7 7. h3 d6 8. Bd3 O-O 9. O-O Nbd7 10. Bh2 cxd4 11. exd4 Qc7 12. a4 a6 13. Nc4 Bd5 14. Ne3 Bb7 15. Nd2 Rfe8 16. Rc1 Bc6 17. b4 b5 18. c4 Qb7 19. d5 exd5 20. cxb5 axb5 21. Nf5 Ne5 22. Bxe5 dxe5 23. Rxc6 Qxc6 24. Bxb5 Qe6 25.
Bxe8 Rxe8 26. Nxe7+ Qxe7 27. Qb3 e4 28. b5 d4 29. b6 e3 30. fxe3 dxe3 31. Nf3 e2 32. Rc1 Qb7 33. a5 Nd5 34. Qb5 Kf8 35. Qc5+ Kg8 36.
Qb5 Kf8 37. Kf2 h6 38. Qc5+ Kg8 39. Qc6 Qe7 40. b7 Qe3+ 41. Ke1 Nf4 42. Qxe8+ Qxe8 43.
Rc8 Nxg2+ 44. Kf2 e1=Q+ 45. Nxe1 1-0

[Event "*** Titled Tuesday Blitz"]
[Site "Chess.com"]
[Date "2021.02.09"]
[Round "7"]
[White "rpragchess"]
[Black "Sharpchess22"]
[Result "1-0"]
[WhiteElo "2869"]
[BlackElo "2728"]
[TimeControl "180+1"]
[EndTime "11:18:43 PST"]
[Termination "rpragchess won by resignation"]

1. Nc3 e5 2. d3 d5 3. Nf3 Nc6 4.
g3 h6 5. Bg2 Be6 6. a3 Nf6 7.
O-O a5 8. e4 dxe4 9. dxe4 Bc5 10.
Qe2 O-O 11. Qb5 Bb6 12. Nxe5 Nxe5 13. Qxe5 Bc4 14. Rd1 Bxf2+ 15. Kh1 Qe8 16. Qxc7 Rc8 17. Qxb7 Qe5 18. Bf4 Qh5 19. e5 Ng4 20. h3 g5 21.
Qf3 gxf4 22. gxf4 Be6 23. Rf1 Qh4 24. f5 Rc4 25. Ne4 Nxe5 26. Qxf2 Qxf2 27. Rxf2 Bc8 28. Re1 Nd7 29. Rd2 Kg7 30. Nd6 Rc7 31. Re7 Kf6 32.
Nxc8 Rfxc8 33. Rexd7 Rxd7 34. Rxd7 Rxc2 35. b4 axb4 36.
axb4 Rb2 37. Rb7 Kxf5 38. b5 f6 39. b6 Kf4 40. Rb8 Kg3 41. Bf1 Kf2 42. Bg2 Kg3 43.
Rg8+ Kf2 44. b7 f5 45. b8=Q 1-0

[Event "*** Titled Tuesday Blitz"]
[Site "Chess.com"]
[Date "2021.02.09"]
[Round "7"]
[White "GM_Huschenbeth"]
[Black "MatthewG-p4p"]
[Result "0-1"]
[WhiteElo "2616"]
[BlackElo "2823"]
[TimeControl "180+1"]
[EndTime "11:18:43 PST"]
[Termination "MatthewG-p4p won on time"]

1. e4 e6 2. d4 d5 3. Nc3 Bb4 4. e5 Ne7 5. a3 Bxc3+ 6. bxc3 c5 7. Qg4 cxd4 8. Bd3 Qa5 9. Ne2 O-O 10. Bg5 Ng6 11.
Bxg6 fxg6 12. Be7 Re8 13. Bb4 Qc7 14. Bd6 Qa5 15. Qxd4 Nc6 16. Qe3 Bd7 17. h4 Qa4 18. h5 Qxc2 19. Rc1 Qf5 20. h6 Qf7 21. Nf4 Ne7 22. g4 Rac8 23. Nh3 d4 24. Qf4 Qxf4 25. Nxf4 dxc3 26. hxg7 Kxg7 27. Ke2 Bb5+ 28. Ke3 Rc4 29. Nxe6+ Kg8 30. Nd4 Nd5+ 31. Ke4 Bc6 32. Kd3 Ra4 33. Rhe1 Nf4+ 34. Kxc3 Bd5 35. Nc2 Bf7 0-1